 Dungeon Crawl Stone Soup version 0.26-a0-778-g3fe0686644 (webtiles) character file.

Game seed: 10124480237470345074

63 miscthings the Chopper (level 3, -1/33 HPs)
             Began as a Palentonga Delver on Nov 10, 2020.
             Slain by a worker ant (4 damage)
             ... on level 4 of the Dungeon.
             The game lasted 00:01:12 (639 turns).

miscthings the Chopper (Palentonga Delver)           Turns: 639, Time: 00:01:13

Health: -1/33      AC:  4    Str: 16    XL:     3   Next: 87%
Magic:  3/3        EV:  9    Int: 10    God:
Gold:   17         SH:  0    Dex: 11    Spells: 2/2 levels left

rFire    . . .     SeeInvis +   a - +0 hand axe
rCold    . . .     Faith    .   (no shield)
rNeg     . . .     Spirit   .   b - +0 leather armour
rPois    .         Reflect  .   (no helmet)
rElec    .         Harm     .   (no cloak)
rCorr    .         Rampage  .   (no gloves)
MR       .....                  (no barding)
Stlth    ++........             (no amulet)
HPRegen  0.11/turn              (no ring)
MPRegen  0.08/turn              (no ring)

@: no status effects
A: large, rugged brown scales 3, see invisible, deformed body, roll, armoured
tail
a: Rolling Charge


You were on level 4 of the Dungeon.
You visited 1 branch of the dungeon, and saw 2 of its levels.

You collected 17 gold pieces.

Inventory:

Hand Weapons
 a - a +0 hand axe (weapon)
Armour
 b - a +0 leather armour (worn)
Wands
 g - a wand of digging (3)
Scrolls
 c - a scroll of fog
 d - a scroll of magic mapping
 f - a scroll of identify {@r1}


   Skills:
 - Level 3.0 Fighting
 + Level 4.2 Axes
 - Level 1.5 Dodging
 - Level 3.3 Stealth


You had 2 spell levels left.
You didn't know any spells.
Your spell library was empty.

Dungeon Overview and Level Annotations

Branches:
Dungeon (5/15)
 Temple: D:4-7

Altars:


Innate Abilities, Weirdness & Mutations

You are completely covered in rugged brown scales. (AC +3, +7% HP)
You have supernaturally acute eyesight. (SInv)
Armour fits poorly on your strangely shaped body.
You can roll at foes to attack.
You have a long armoured tail.


Message History

The worker ant bites you!
* * * LOW HITPOINT WARNING * * *
You hit the worker ant.
The worker ant is heavily wounded.
You hit the quokka skeleton.
The worker ant bites you but does no damage.
The quokka skeleton closely misses you.
You completely miss the worker ant.
You tail-slap the worker ant, but do no damage.
The worker ant is heavily wounded.
You closely miss the quokka skeleton. The worker ant bites you.
* * * LOW HITPOINT WARNING * * *
The quokka skeleton closely misses you. The worker ant barely misses you.
You barely miss the worker ant.
Your tail-slap misses the worker ant.
The worker ant is heavily wounded.
You closely miss the scorpion. You hit the quokka skeleton.
The quokka skeleton bites you.
* * * LOW HITPOINT WARNING * * *
The worker ant bites you.
You die...

.......................
................#####..
................#....Z.
.....s.....###..#.#..#.
................#.#....
.......................
#######.....(.#.#.##...
######B..#####.#.##...
#....@Z..# .#......
#.....s.## #######
#.......+ ......
#.......# ######
#......... #...
#...?....## #..
#........# +..
#....$...# #.. #..


You could see a scorpion, a worker ant and a quokka skeleton.

Vanquished Creatures
  2 worker ants (D:4)
  An ufetubus (D:5)
  An adder skeleton (D:4)
  A leopard gecko (D:4)
  2 giant cockroaches (D:4)
  A frilled lizard (D:4)
8 creatures vanquished.

Notes
Turn   | Place    | Note
-------+----------+-------------------------------------------
     0 | D:5      | miscthings the Palentonga Delver began the quest for the
                  | Orb.
     0 | D:5      | Reached XP level 1. HP: 20/20 MP: 1/1
   367 | D:4      | Noticed a worker ant
   385 | D:4      | Killed a worker ant
   385 | D:4      | Reached skill level 3 in Axes
   385 | D:4      | Reached XP level 2. HP: 25/27 MP: 2/2
   385 | D:4      | Reached XP level 3. HP: 31/33 MP: 3/3
   418 | D:4      | Reached skill level 4 in Axes
   565 | D:4      | Noticed a phantom
   626 | D:4      | Noticed a scorpion
   639 | D:4      | Slain by a worker ant

Illustrated notes

Levels and vault maps discovered:
D:4:      layout_basic, lemuel_crystal_altar, serial_shops, kennysheep_mini,
          okawaru_metal_pillars_1_2
D:5:      layout_basic, basic_altar, serial_shops, shop, uniq_sigmund

Skill      XL: |  1  2  3 |
---------------+----------+-----
Axes           | 3 4 |  4.2
Fighting       | |  3.0
Dodging        | |  1.5
Stealth        | |  3.3

Action                   || total
-------------------------++-------
Melee: Hand axe          ||    40
       Tailslap          ||     6
 Abil: Rolling Charge    ||     2
  Use: Scroll            ||     2
       Potion            ||     1
Armor: Leather armour    ||    10
Dodge: Dodged            ||    31

Table legend: (Time is in decaauts)
 A = Elapsed time spent in this place.
 B = Non-inter-level travel time spent in this place.
 C = Inter-level travel time spent in this place.
 D = Time resting spent in this place.
 E = Time spent auto-exploring this place.
 F = Levels seen in this place.
 G = Mean time per level.
                   A        B        C        D        E       F      G
               +--------+--------+--------+--------+--------+-----+--------+
         Total |    624 |    623 |      1 |    401 |     75 |   2 |  312.0 |
       Dungeon |    624 |    623 |      1 |    401 |     75 |   2 |  312.0 |
               +--------+--------+--------+--------+--------+-----+--------+

Top non-repeatable levels by time:
     D:5: 368 daAuts
     D:4: 255 daAuts
